 Dungeon Sprint DCSS version 0.30.1 (webtiles) character file.

Game seed: 3936356530542162066

286 boopmooplesden the Cruncher (level 7, -5/47 HPs)
             Began as a Gargoyle Gladiator on July 14, 2023.
             Was a High Priest of Trog.
             Slain by a goliath frog (15 damage)
             ... in the Dungeon (Sprint VI: "Thunderdome").
             The game lasted 00:03:49 (601 turns).

boopmooplesden the Cruncher (Gargoyle Gladiator)     Turns: 601, Time: 00:03:50

Health: -5/47      AC:  9    Str: 15    XL:     7   Next: 67%
Magic:  7/7        EV: 16    Int: 11    God:    Trog [*****.]
Gold:   220        SH:  0    Dex: 19    Spells: 6/6 levels left

rFire   + + .        a - +0 quarterstaff
rCold   . . .        (shield currently unavailable)
rNeg    + + +        t - +4 leather armour of Paranoia {rF+ Int+2 Dex+2 SInv}
rPois   ∞            c - +0 helmet
rElec   +            (no cloak)
rCorr   .            (no gloves)
SInv    +            (no boots)
Will    +....        p - amulet of Secrets {Faith rF+ Dex+3} Stlth
                     q - ring of Greed {rPois rN+++ AC+4 Str-4 SInv}
HPRegen 0.27/turn    r - ring of Thoughtfulness {rElec Will+ Dex+3 SInv Stlth-}
MPRegen 0.10/turn

%: no teleportation, faith
@: corroded, on berserk cooldown, slowed, very slow
A: sickness immunity, AC +4, negative energy resistance 1, electricity
resistance, torment resistance 1, petrification resistance
a: Renounce Religion, Berserk, Trog's Hand, Brothers in Arms


You were in the Dungeon.
You worshipped Trog.
Trog was extremely pleased with you.
You visited 1 branch You collected 600 gold pieces.
You spent 380 gold pieces at shops.

Inventory:

Hand Weapons
 a - a +0 quarterstaff (weapon)
Missiles
 e - a javelin (quivered)
Armour
 b - a +0 leather armour
 c - a +0 helmet (worn)
 t - the +4 leather armour of Paranoia (worn) {rF+ Int+2 Dex+2 SInv}
   (You bought it in a shop in the Dungeon)

   Int:       It affects your intelligence (+2).
   Dex:       It affects your dexterity (+2).
   rF:        It protects you from fire.
   SInv:      It lets you see invisible.
Jewellery
 p - the amulet of Secrets (around neck) {Faith rF+ Dex+3}
   (You bought it in a shop in the Dungeon)

   [amulet of faith]

   It allows you to gain divine favour quickly.
   Dex:       It affects your dexterity (+3).
   rF:        It protects you from fire.
 q - the ring of Greed (left hand) {rPois rN+++ AC+4 Str-4 SInv}
   (You bought it in a shop in the Dungeon)

   [ring of protection]

   AC:        It affects your AC (+4).
   Str:       It affects your strength (-4).
   rPois:     It protects you from poison.
   rN:        It renders you almost immune to negative energy.
   SInv:      It lets you see invisible.
 r - the ring of Thoughtfulness (right hand) {rElec Will+ Dex+3 SInv Stlth-}
   (You bought it in a shop in the Dungeon)

   [ring of willpower]

   Dex:       It affects your dexterity (+3).
   rElec:     It insulates you from electricity.
   SInv:      It lets you see invisible.
   Will:      It increases your willpower.
   Stlth:     It makes you less stealthy.
Wands
 m - a wand of light (4)
 n - a wand of roots (1)
Scrolls
 k - 4 scrolls of blinking
 o - 3 scrolls of fog
Potions
 f - a potion of curing
 g - 2 potions of heal wounds
 h - 4 potions of haste
 i - 2 potions of magic
 j - a potion of berserk rage
 l - a potion of resistance
 s - a potion of flight {unknown}


   Skills:
 + Level 6.9 Fighting
 + Level 11.4 Staves
 + Level 3.8 Throwing
 + Level 5.9 Armour
 + Level 6.9 Dodging
 + Level 1.3 Evocations


You had 6 spell levels left.
You didn't know any spells.
Your spell library was empty.

Dungeon Overview and Level Annotations

Branches:
Dungeon (1/1)

Altars:
Cheibriados
Dithmenos
Fedhas
Gozag
Kikubaaqudgha
Makhleb
Okawaru
Qazlal
Ru
Sif Muna
Trog
Uskayaw
Vehumet
Wu Jian
Xom
Yredelemnul
Zin
The Shining One
Lugonu

Shops:
D *[??*?*:[((!!!!

Annotations:
D Lernaean hydra


Innate Abilities, Weirdness & Mutations

You are immune to sickness and miasma.
Your stone body is resilient. (AC +4)
You are immune to poison.
You resist negative energy. (rN+)
You are resistant to electric shocks. (rElec)
You are resistant to unholy torment.
You are immune to petrification.


Message History

The spriggan rider barely misses you.
You sock the spriggan rider!
You kill the hornet!
Trog accepts your kill.
The spriggan falls from its now dead mount.
The spriggan is heavily wounded.
Your Fighting skill increases to level 6!
Your Staves skill increases to level 10!
Your Armour skill increases to level 5!
Your Evocations skill increases to level 1!
You have reached level 7!
You bludgeon the spriggan!!
You kill the spriggan!
Trog accepts your kill.
Your Staves skill increases to level 11!
You see here a +0 spear.
You feel a strong urge to attack something.
You are no longer berserk.
You are exhausted.
You feel yourself slow down.
A goliath frog comes into view.
The goliath frog misses you. The goliath frog closely misses you.
You hit the goliath frog.
The goliath frog is lightly wounded.
The goliath frog hits you!
* * * LOW HITPOINT WARNING * * *
The acid corrodes you!
You are splashed with acid.
* * * LOW HITPOINT WARNING * * *
You feel much better. The goliath frog barely misses you. x2
The goliath frog barely misses you. The goliath frog misses you.
You see here a +0 dagger.
You hit the goliath frog.
The goliath frog is lightly wounded.
The goliath frog hits you. The acid corrodes you!
You are splashed with acid!
You miss the goliath frog.
The goliath frog is lightly wounded.
The goliath frog hits you!
You are splashed with acid.
* * * LOW HITPOINT WARNING * * *
The goliath frog hits you!
You die...

###∩........8.#
#.8........∩###
##∩___..[..)###......___∩##
######.8.........8.######
#⌠.[.........⌠#
###.........### #_......._#
#_......._# #_......._#
#∩.F@....∩# ##∩.....∩##
##.....## ##⌠⌠⌠## #####


You could see a goliath frog.

Vanquished Creatures
  A hornet (D)
  A spriggan (D)
  A wraith (D)
  A scorpion (D)
  2 wights (D)
  Jessica (D)
  An adder (D)
  A worm (D)
  A spectral bat (D)
  An endoplasm (D)
  4 giant cockroaches (D)
  A jackal (D)
  8 kobolds (D)
  A spectral giant cockroach (D)
25 creatures vanquished.

Notes
Turn   | Place    | Note
-------+----------+-------------------------------------------
     0 | D        | boopmooplesden the Gargoyle Gladiator began the quest for
                  | the Orb.
     0 | D        | Reached XP level 1. HP: 12/12 MP: 1/1
     3 | D        | Found an ancient bone altar of Kikubaaqudgha.
     4 | D        | Found a corrupted altar of Lugonu.
     5 | D        | Found a burning altar of Makhleb.
     5 | D        | Round 1.
     6 | D        | Found a bloodstained altar of Trog.
     6 | D        | Found a glowing golden altar of the Shining One.
     6 | D        | Found Yqiafiu's Identification Station.
     7 | D        | Found Gotasawn's Jewellery.
     7 | D        | Found Emukk's Advanced Armour.
    18 | D        | Bought a faintly glowing ruby amulet for 45 gold pieces
    18 | D        | Identified the amulet of Secrets {Faith rF+ Dex+3} (You
                  | bought it in a shop in the Dungeon)
    18 | D        | Bought a smoking golden ring for 45 gold pieces
    18 | D        | Identified the ring of Greed {rPois rN+++ AC+4 Str-4 SInv}
                  | (You bought it in a shop in the Dungeon)
    18 | D        | Bought a sparkling pewter ring for 45 gold pieces
    18 | D        | Identified the ring of Thoughtfulness {rElec Will+ Dex+3
                  | SInv Stlth-} (You bought it in a shop in the Dungeon)
    29 | D        | Found a glowing silver altar of Zin.
    32 | D        | Became a worshipper of Trog the Wrathful
    35 | D        | Found a stormy altar of Qazlal.
    35 | D        | Found Edakemif's Premium Goods.
    37 | D        | Found a radiant altar of Vehumet.
    37 | D        | Found a basalt altar of Yredelemnul.
    37 | D        | Found a shimmering altar of Xom.
    37 | D        | Found Doric's Weapon Rack.
    39 | D        | Found Gomoneqi's Miscellaneous Merchandise.
    39 | D        | Found Puutipp's Basic Armour.
    43 | D        | Noticed Jessica
    47 | D        | Found an iron altar of Okawaru.
    57 | D        | Killed Jessica
    57 | D        | Reached * piety under Trog
    58 | D        | Reached skill level 4 in Staves
    58 | D        | Reached XP level 2. HP: 18/19 MP: 2/2
    58 | D        | Reached XP level 3. HP: 22/23 MP: 3/3
    66 | D        | Found an opulent altar of Gozag.
    66 | D        | Found a shimmering blue altar of Sif Muna.
    67 | D        | Found a hide-covered altar of Uskayaw.
    67 | D        | Found an ornate altar of the Wu Jian Council.
    68 | D        | Found a blossoming altar of Fedhas.
    68 | D        | Found a shadowy altar of Dithmenos.
    69 | D        | Found Biudacov's Staff Store.
    69 | D        | Found Edomocop's Magic Scroll Shop.
    70 | D        | Found Vufuelyf's Must-Have Magic.
    70 | D        | Found Gymumu's Magic Scroll Shop.
    98 | D        | Reached skill level 5 in Staves
   105 | D        | Found Ekkiefax's Distillery.
   105 | D        | Found a snail-covered altar of Cheibriados.
   105 | D        | Found a sacrificial altar of Ru.
   105 | D        | Found Qoril's Do-It-Yourself Clinic.
   106 | D        | Found Yppenot's Distillery.
   106 | D        | Found Puagih's Bottled Wisdom.
   127 | D        | Reached ** piety under Trog
   127 | D        | Arena points: 12 (+12) [x2]
   171 | D        | Round 2.
   224 | D        | Reached *** piety under Trog
   228 | D        | Noticed a scorpion
   243 | D        | Killed a scorpion
   244 | D        | Reached skill level 6 in Staves
   244 | D        | Reached skill level 1 in Armour
   244 | D        | Reached XP level 4. HP: 22/29 MP: 4/4
   293 | D        | Arena points: 54 (+42) [x3]
   365 | D        | Round 3.
   368 | D        | Reached **** piety under Trog
   374 | D        | Noticed a wraith
   386 | D        | Killed a wraith
   387 | D        | Reached skill level 5 in Fighting
   387 | D        | Reached skill level 8 in Staves
   387 | D        | Reached skill level 5 in Dodging
   387 | D        | Reached XP level 5. HP: 35/35 MP: 5/5
   387 | D        | Reached XP level 6. HP: 40/40 MP: 6/6
   394 | D        | Reached skill level 9 in Staves
   395 | D        | Reached ***** piety under Trog
   424 | D        | Arena points: 126 (+72) [x4]
   434 | D        | Bought a crude leather armour for 245 gold pieces
   434 | D        | Identified the +4 leather armour of Paranoia {rF+ Int+2
                  | Dex+2 SInv} (You bought it in a shop in the Dungeon)
   439 | D        | Round 4.
   512 | D        | Received a gift from Trog
   529 | D        | Arena points: 286 (+160) [x5]
   568 | D        | Round 5.
   571 | D        | Noticed the 27-headed Lernaean hydra
   577 | D        | Noticed a spriggan rider
   588 | D        | Killed a hornet
   589 | D        | Reached skill level 10 in Staves
   589 | D        | Reached skill level 5 in Armour
   589 | D        | Reached skill level 1 in Evocations
   589 | D        | Reached XP level 7. HP: 30/47 MP: 7/7
   589 | D        | Killed a spriggan
   590 | D        | Reached skill level 11 in Staves
   594 | D        | Noticed a goliath frog
   601 | D        | Slain by a goliath frog

Illustrated notes

Levels and vault maps discovered:
D:        arena_sprint

Skill      XL: |  1  2  3  4  5  6  7 |
---------------+----------------------+-----
Dodging        | 4 5 6 |  6.9
Fighting       | 3 5 6 |  6.9
Staves         | 4 6 8 10 11 | 11.4
Throwing       | 2 3 |  3.8
Armour         | 1 3 5 |  5.9
Evocations     | 1 |  1.3

Action                     |  1- 3 |  4- 6 |  7- 9 || total
---------------------------+-------+-------+-------++-------
  Melee: Quarterstaff      |    40 |    43 |     4 ||    87
  Throw: Throwing net      |       |     4 |       ||     4
 Invoke: Berserk           |       |     2 |       ||     2
  Evoke: Wand              |       |     5 |       ||     5
    Use: Potion            |       |     1 |     1 ||     2
 Armour: Leather armour    |    15 |    10 |       ||    25
  Dodge: Dodged            |    26 |    30 |     6 ||    62
